Map: Lerilak Crest

Players

LilDicky - Winner!

  • Race: Terran Terran
  • League: Diamond

SomeDinghus

  • Race: Terran Terran
  • League: Diamond

VOD

http://www.twitch.tv/tumescentpie

Description

Time

  • Played on: Dec. 6, 2015, 9:01 p.m.
  • Length: 6:46
Show
View Real Time Build Order
Export as new Build Order

LilDicky Terran - Winner!

Build Orders: Banshee Rush 

Get SALT Encoding   

  12  0:05  SCV  
  13  0:17  SCV  
  14  0:22  Supply Depot  
  14  0:29  SCV  
  15  0:35  Refinery  
  15  0:43  SCV  
  15  0:47  Barracks  
  16  0:58  SCV  
  17  1:10  SCV  
  18  1:22  SCV  
  19  1:31  Supply Depot  
  19  1:38  Reaper  
  21  1:40  Orbital Command  
  20  2:01  Refinery  
  20  2:04  Factory  
  20  2:08  SCV  
  21  2:14  Reaper  
  22  2:20  SCV  
  22  2:33  SCV  
  23  2:46  Marine  
  23  3:00  Factory Tech Lab  
  23  3:04  SCV, Starport, Marine  
  25  3:07  Command Center  
  25  3:15  Supply Depot  
  25  3:16  SCV  
  26  3:26  Marine  
  27  3:44  SCV  
  27  3:47  Marine  
  28  3:49  Engineering Bay  
  28  3:50  Widow Mine  
  28  3:51  Banshee, Cloaking Field  
  33  3:59  Supply Depot  
  33  4:00  SCV  
  34  4:05  Marine  
  35  4:12  SCV  
  36  4:19  Missile Turret  
  36  4:20  Orbital Command  
  36  4:25  Marine  
  36  4:26  Factory Tech Lab  
  36  4:27  SCV  
  36  4:43  Orbital Command  
  35  4:46  Banshee  
  35  4:47  Siege Tank  
  41  5:04  Marine  
  42  5:07  SCV  
  42  5:10  SCV  
  43  5:19  SCV, Siege Tank  
  46  5:25  Marine  
  47  5:49  SCV x2  
  49  5:52  Siege Tank  
  52  6:01  SCV x2  
  52  6:04  Marine  
  49  6:14  Refinery x2  
  49  6:17  Factory  
  52  6:21  Marine  
  55  6:38  Command Center  
Show
View Real Time Build Order
Export as new Build Order

SomeDinghus Terran 

Build Orders: 1/1/1, Banshee Rush 

Get SALT Encoding   

  12  0:01  SCV  
  13  0:13  SCV  
  14  0:17  Supply Depot  
  14  0:25  SCV  
  15  0:29  Refinery  
  15  0:39  SCV  
  16  0:46  Barracks  
  16  0:54  SCV  
  17  1:06  SCV  
  18  1:18  SCV  
  20  1:37  Factory  
  20  1:39  Orbital Command  
  19  1:45  Marine  
  20  1:53  Supply Depot  
  20  2:05  SCV  
  20  2:09  Marine  
  20  2:13  Refinery  
  21  2:21  Starport  
  21  2:22  Hellion  
  23  2:29  Supply Depot  
  23  2:31  SCV  
  23  2:33  Barracks Tech Lab  
  23  2:52  Hellion  
  25  3:00  SCV  
  26  3:10  Marine  
  27  3:12  Banshee  
  27  3:14  Cloaking Field  
  27  3:16  Hellion  
  32  3:20  Supply Depot  
  32  3:21  Engineering Bay  
  32  3:24  SCV  
  33  3:36  SCV  
  33  3:48  SCV  
  33  3:51  Barracks Reactor  
  34  3:55  Factory Tech Lab  
  34  4:03  SCV  
  35  4:14  Command Center  
  35  4:15  SCV  
  36  4:27  SCV  
  37  4:39  SCV  
  35  4:46  Raven  
  35  4:48  Marine x2  
  35  4:50  Siege Tank  
  42  4:53  Supply Depot  
  42  4:54  Supply Depot  
  42  4:55  Missile Turret  
  42  4:56  SCV  
  43  5:08  SCV  
  43  5:20  SCV  
  38  5:27  Siege Tank  
  37  5:33  Viking  
  39  5:38  Marine x2  
  39  5:56  Marine x2  
  40  6:01  SCV  
  40  6:13  SCV  
  40  6:17  Command Center, Barracks  
  41  6:22  Barracks  
  41  6:25  SCV  
Tags
 
Add a new tag
Caveats
  • Supply blocks, unpowered buildings, or Contaminate may cause inaccurate times.
  • Supply counts are checked every 10 seconds.